 Dungeon Crawl Stone Soup version 0.29.1-1-gd02db6906a (webtiles) character file.

Game seed: 6187910020386018199

143 hawla the Conjurer (level 5, -2/38 HPs)
             Began as a Draconian Conjurer on Oct 20, 2022.
             Slain by a bullfrog (3 damage)
             ... in a sewer.
             The game lasted 00:06:37 (2389 turns).

hawla the Conjurer (Draconian Conjurer)             Turns: 2389, Time: 00:06:38

Health: -2/38      AC:  5    Str:  9    XL:     5   Next: 4%
Magic:  1/8        EV: 12    Int: 21    God:
Gold:   118        SH:  0    Dex:  9    Spells: 2/9 levels left

rFire   . . .      SeeInvis .   (no weapon)
rCold   . . .      Faith    .   (no shield)
rNeg    . . .      Spirit   .   (body armour unavailable)
rPois   .          Reflect  .   (helmet restricted)
rElec   .          Harm     .   (no cloak)
rCorr   .          Rampage  .   (no gloves)
Will    .....                   (no boots)
Stlth   ++........              (no amulet)
HPRegen 0.12/turn               (no ring)
MPRegen 0.11/turn               (no ring)

@: weak-willed
A: AC +5, unfitting armour, cold-blooded
a: no special abilities


You were in a sewer.
You visited 1 branch of the dungeon, and saw 3 of its levels.
You also visited: Sewer.

You collected 118 gold pieces.

Inventory:

Scrolls
 a - a scroll of butterflies


   Skills:
 - Level 1.9 Dodging
 - Level 1.9 Stealth
 - Level 0.1 Unarmed Combat
 - Level 2.5 Spellcasting
 + Level 5.7 Conjurations
 * Level 1.1 Translocations


You had 2 spell levels left.
You knew the following spells:

 Your Spells              Type           Power      Damage    Failure   Level
a - Magic Dart            Conj           100%       1d8       1%          1
b - Searing Ray           Conj           52%        2d6       1%          2
c - Iskenderun's Mystic   Conj/Tloc      17%        2d5       32%         4

Your spell library contained the following spells:

 Spells                   Type           Power      Damage    Failure   Level
 Static Discharge         Conj/Air       14%        3-5/arc   6%          2
 Summon Small Mammal      Summ           8%         N/A       14%         1
 Dazzling Flash           Conj/Hex       28%        N/A       13%         3
 Call Canine Familiar     Summ           2%         N/A       38%         3
 Summon Guardian Golem    Hex/Summ       2%         N/A       38%         3
 Fulminant Prism          Conj/Hex       7%         3d7       38%         4
 Lightning Bolt           Conj/Air       7%         1d19      75%         5
 Starburst                Conj/Fire      7%         6d4       100%        6
 Maxwell's Capacitive Co  Air            1%         ∞         100%        8


Dungeon Overview and Level Annotations

Branches:
Dungeon (3/15)              Sewer (1/1)

Altars:


Innate Abilities, Weirdness & Mutations

Your plain brown scales are hard. (AC +5)
You cannot fit into any form of body armour.
You are cold-blooded and may be slowed by cold attacks.


Message History

Confirm with . or Enter, or press ? or * to list all spells.
The spell is extremely dangerous to miscast (32% risk of failure)!
Continue anyway?
You erupt in a blast of force!
The mystic blast hits the ball python!
You kill the ball python!
The mystic blast hits the bullfrog.
The bullfrog is moderately wounded.
The mystic blast hits the frilled lizard!
You kill the frilled lizard!
The mystic blast hits the bullfrog.
The bullfrog is lightly wounded.
The bullfrog is knocked back by the mystic blast.
The mystic blast hits the ball python.
You kill the ball python!
You hear an angry hiss.
The bullfrog hits you.
* * * LOW HITPOINT WARNING * * *
The bullfrog barely misses you.
Okay, then.
You aren't carrying any potions.
As you read the scroll labelled NARIOG UMYILL, it crumbles to dust.
Magic quickly surges around you.
It was a scroll of vulnerability.
The bullfrog barely misses you. The bullfrog hits you.
* * * LOW HITPOINT WARNING * * *
You aren't carrying any potions.
As you read the scroll labelled ZOIRYA ASUMINY, it crumbles to dust.
The creatures around you are filled with an inner flame!
It was a scroll of immolation.
The bullfrog barely misses you. The bullfrog hits you.
* * * LOW HITPOINT WARNING * * *
The bullfrog closely misses you. The bullfrog misses you.
Your magical contamination has completely faded away.
The bullfrog attacks as you move away!
The bullfrog hits you but does no damage.
The bullfrog hits you.
* * * LOW HITPOINT WARNING * * *
The bullfrog hits you but does no damage. x2
The bullfrog closely misses you.
The bullfrog hits you but does no damage.
The bullfrog closely misses you. The bullfrog hits you.
You die...

...~...~~~.....~~~.~~~~.≈..#
~~~~~~~~~~~~~~~~≈~~~~~~~≈~.#
~≈≈≈≈≈≈≈≈≈≈≈≈≈≈≈≈≈≈≈≈≈≈≈≈~.#
~~~~~~~~~~~~~~~~~~≈~~~~~~~.#
.†....~~~.~~..~~~~≈~~~~~~..#
################~~≈~~##~~~##
# #~~≈~~##~~~# #
#.~≈~.##~~†# # #####
#@~≈~.##~~.# #
≈≈≈≈≈###FF≈~.##~~.# #
≈≈≈≈≈≈≈#.~≈~.##~~†# #
≈≈≈≈≈≈≈#.~≈~.##.~.# #
≈≈≈≈≈~≈~†~≈~.###~## #
≈≈≈≈≈≈~≈.†≈~.# #.# #
≈~≈≈≈≈≈≈.~≈~.# #.# #
~~.≈≈≈≈≈.~≈~.# #∩# #
..=~≈≈≈≈~~≈~.# #.#


You could see 2 bullfrogs.

Vanquished Creatures
  3 gnolls (D:2)
  5 adders
  2 dart slugs
  5 endoplasms
  6 giant cockroaches
  3 goblins
  4 hobgoblins
  4 quokkas (Sewer)
  11 ball pythons
  5 bats
  8 frilled lizards
  6 kobolds
  4 rats
66 creatures vanquished.

Notes
Turn   | Place    | Note
-------+----------+-------------------------------------------
     0 | D:1      | hawla the Draconian Conjurer began the quest for the Orb.
     0 | D:1      | Reached XP level 1. HP: 14/14 MP: 3/3
   381 | D:1      | Reached XP level 2. HP: 20/20 MP: 0/5
   415 | D:1      | Learned a level 2 spell: Searing Ray
   851 | D:1      | You fall into a shaft and drop 1 floor!
   944 | D:2      | Reached XP level 3. HP: 26/26 MP: 3/6
  1194 | D:2      | Reached skill level 5 in Conjurations
  1364 | D:2      | Reached XP level 4. HP: 23/33 MP: 1/7
  1384 | D:2      | Learned a level 4 spell: Iskenderun's Mystic Blast
  1670 | D:3      | Found a glowing drain.
  1822 | Sewer    | Entered a sewer
  2028 | Sewer    | Reached skill level 1 in Translocations
  2308 | Sewer    | Reached XP level 5. HP: 38/38 MP: 3/8
  2387 | Sewer    | HP: 1/38 [bullfrog (4)]
  2389 | Sewer    | Slain by a bullfrog

Illustrated notes

Levels and vault maps discovered:
D:1:      lemuel_arrival_rhombus, layout_rooms, dk_noncrumbling_2,
          minmay_pentomino_z2
D:2:      layout_basic
D:3:      layout_basic, grunt_temple_overflow_growth_and_decay,
          kennysheep_slug_shrine, nzn_wu_jian_council_hall,
          gup_sewer_entry_glass, st_stairs_10, uniq_ijyb, uniq_jessica,
          uniq_natasha
Sewer:    sewer_frog_island_01

Skill      XL: |  1  2  3  4 |
---------------+-------------+-----
Conjurations   | 5 |  5.7
Translocations | 1 |  1.1
Dodging        | |  1.9
Stealth        | |  1.9
Unarmed Combat | |  0.1
Spellcasting   | |  2.5

Action                   |  1- 3 |  4- 6 || total
-------------------------+-------+-------++-------
Melee: Unarmed           |    36 |    19 ||    55
       Tailslap          |     4 |     3 ||     7
 Cast: Magic Dart        |    25 |    17 ||    42
       Searing Ray       |    16 |    11 ||    27
       Iskenderun's Myst |       |     1 ||     1
  Use: Potion            |     3 |       ||     3
       Scroll            |       |     4 ||     4
 Stab: Invisible         |     1 |       ||     1
       Sleeping          |     1 |       ||     1
Armor: Skin              |    22 |    20 ||    42
Dodge: Dodged            |    40 |    63 ||   103
